 Seeded DCSS version 0.31-a0-229-g1fc7ce93e2 (webtiles) character file.

Game seed: 705649268257728946 (custom seed)

21 innerfire43 the Chopper (level 2, -1/24 HPs)
             Began as a Demonspawn Monk on July 6, 2023.
             Killed from afar by Terence (10 damage)
             ... with a puff of flame
             ... on level 2 of the Dungeon.
             The game lasted 00:01:05 (856 turns).

innerfire43 the Chopper (Demonspawn Monk)            Turns: 856, Time: 00:01:05

Health: -1/24      AC:  2    Str: 11    XL:     2   Next: 65%
Magic:  2/2        EV: 12    Int: 11    God:
Gold:   653        SH:  0    Dex: 15    Spells: 1/1 levels left

rFire   . . .        a - +0 hand axe
rCold   . . .        d - orb {light}
rNeg    . . .        b - +0 robe
rPois   .            (no helmet)
rElec   .            (no cloak)
rCorr   .            (no gloves)
SInv    .            (no boots)
Will    .....        (no amulet)
Stlth   +            (no ring)
HPRegen 0.24/turn    (no ring)
MPRegen 0.08/turn

%: no passive effects
@: on berserk cooldown, slowed, glowing, very slow
A: claws 1
a: no special abilities


You were on level 2 of the Dungeon.
You visited 1 branch of the dungeon, and saw 2 of its levels.

You collected 653 gold pieces.

Inventory:

Hand Weapons
 a - a +0 hand axe (weapon)
Armour
 b - a +0 robe (worn)
 d - an orb of light (worn)
Scrolls
 g - a scroll of blinking {unknown}
 i - a scroll of immolation {unknown}
 j - a scroll of teleportation {unknown}
 k - a scroll of identify {unknown}
 l - a scroll of fog {unknown}
Potions
 c - a potion of ambrosia
 e - 2 potions of mutation {unknown}
 h - a potion of resistance {unknown}


   Skills:
 - Level 3.0 Fighting
 * Level 3.6 Axes
 - Level 2.6 Dodging


You had one spell level left.
You didn't know any spells.
Your spell library was empty.

Dungeon Overview and Level Annotations

Branches:
Dungeon (2/15)

Altars:

Annotations:
D:2 Terence


Innate Abilities, Weirdness & Mutations

You have sharp fingernails.


Message History

Terence is moderately wounded.
Terence hits you with a +0 mace.
You hit Terence but do no damage.
Terence is moderately wounded.
You feel less invigorated.
You feel less confused. Terence misses you. Terence closely misses you.
You hit Terence but do no damage.
Terence is moderately wounded.
Terence hits you with a +0 mace. x2
You hit Terence but do no damage.
Terence is moderately wounded.
Terence closely misses you.
You hit Terence but do no damage.
Terence is moderately wounded.
Terence hits you with a +0 mace. Terence screams, "I want your blood!"
Terence closely misses you.
You hit Terence but do no damage.
Terence is moderately wounded.
Terence hits you with a +0 mace!
* * * LOW HITPOINT WARNING * * *
Terence closely misses you.
You hit Terence but do no damage.
Terence is moderately wounded.
Terence hits you with a +0 mace.
* * * LOW HITPOINT WARNING * * *
You are confused.
You feel invigorated. Terence barely misses you.
Terence hits you with a +0 mace.
* * * LOW HITPOINT WARNING * * *
You hit Terence but do no damage.
Terence is moderately wounded.
You feel less invigorated.
You feel less confused. Terence hits you with a +0 mace.
You hit Terence.
Terence is heavily wounded.
Terence zaps a wand.
The puff of flame hits you!
You die...

.......# ......#
.....# ........#
#... ...# #.... .r#
.... #@# ...#@#
##.#.###.#
#........#
#.####.#######
#.............
.....####.########.#
... #.....)...... .
#..########.# ..
#..#


You could see Terence and a rat.

Vanquished Creatures
  A dart slug (D:2)
  2 bats (D:1)
  An endoplasm (D:2)
  A goblin (D:1)
  5 hobgoblins
  A quokka (D:2)
  2 frilled lizards
  4 kobolds
  A rat (D:1)
18 creatures vanquished.

Notes
Turn   | Place    | Note
-------+----------+-------------------------------------------
     0 | D:1      | innerfire43 the Demonspawn Monk began the quest for the
                  | Orb.
     0 | D:1      | Reached XP level 1. HP: 18/18 MP: 1/1
   404 | D:1      | Gained mutation: You have sharp fingernails. [demonic
                  | ancestry]
   404 | D:1      | Reached XP level 2. HP: 24/24 MP: 2/2
   827 | D:2      | Identified a scroll of acquirement
   827 | D:2      | Acquired 615 gold pieces
   835 | D:2      | Noticed Terence
   853 | D:2      | HP: 1/24 [Terence/+0 mace (4)]
   856 | D:2      | Killed from afar by Terence

Illustrated notes

Levels and vault maps discovered:
D:1:      minmay_arrival_widening_spiral_narrow, layout_basic
D:2:      layout_basic, shapermc_ecumenical_altar_mp_highgroup, uniq_terence,
          uniq_sigmund

Skill      XL: |  1 |
---------------+----+-----
Axes           | 3 |  3.6
Fighting       | |  3.0
Dodging        | |  2.6

Action                     || total
---------------------------++-------
  Melee: Hand axe          ||    51
    Use: Potion            ||     3
         Scroll            ||     1
 Armour: Robe              ||     5
  Dodge: Dodged            ||    36

Table legend: (Time is in decaauts)
 A = Elapsed time spent in this place.
 B = Non-inter-level travel time spent in this place.
 C = Inter-level travel time spent in this place.
 D = Time resting spent in this place.
 E = Time spent auto-exploring this place.
 F = Levels seen in this place.
 G = Mean time per level.
                   A        B        C        D        E       F      G
               +--------+--------+--------+--------+--------+-----+--------+
         Total |    865 |    840 |     25 |      0 |    703 |   2 |  432.5 |
       Dungeon |    865 |    840 |     25 |      0 |    703 |   2 |  432.5 |
               +--------+--------+--------+--------+--------+-----+--------+

Top non-repeatable levels by time:
     D:1: 658 daAuts
     D:2: 207 daAuts
